 Dungeon Crawl Stone Soup version 0.13-b1-32-g21a608e (webtiles) character file.

273 Goboxel the Archer (level 4, 0/29 HPs)
             Began as a High Elf Hunter on Oct 5, 2013.
             Succumbed to an adder's poison
             ... on Level 2 of the Dungeon.
             The game lasted 00:06:12 (2449 turns).

Goboxel the Archer (High Elf Hunter)                Turns: 2449, Time: 00:06:12

HP   0/29        AC  3     Str 11      XL: 4   Next: 91%
MP   6/6         EV 11     Int 15      God:
Gold 142         SH  0     Dex 16      Spells:  0 memorised,  3 levels left

Res.Fire  : . . .   See Invis. : .   b - +1 elf bow
Res.Cold  : . . .   Warding    : .   d - +0 elf leather armour
Life Prot.: . . .   Conserve   : .   (no shield)
Res.Poison: .       Res.Corr.  : .   (no helmet)
Res.Elec. : .       Clarity    : .   (no cloak)
Sust.Abil.: . .     Spirit.Shd : .   (no gloves)
Res.Mut.  : .       Stasis     : .   (no boots)
Res.Rott. : .       Flight     : .   (no amulet)
Saprovore : . . .                    (no ring)
                                     (no ring)

@: mildly poisoned, very slightly contaminated, hasted, very quick, slightly
resistant to hostile enchantments, unstealthy
A: no striking features
a: no special abilities


You were on level 2 of the Dungeon.
You were not hungry.

You visited 1 branch of the dungeon, and saw 2 of its levels.

You collected 122 gold pieces.

Inventory:

Hand weapons
 a - a +0,+0 elven short sword
 b - a +1,+1 elven bow (weapon)
Missiles
 c - 9 arrows (quivered)
Armour
 d - a +0 elven leather armour (worn)
 n - a +0 buckler
Comestibles
 f - 2 bread rations
 o - a pear
 x - a rotting chunk of rat flesh
 z - 11 sultanas
Scrolls
 e - a scroll of curse armour {unknown}
 g - a scroll of curse jewellery {unknown}
 h - 3 scrolls of identify {unknown}
 j - 2 scrolls of remove curse {unknown}
 k - a scroll of teleportation {unknown}
 l - a scroll of enchant armour {unknown}
 m - a scroll of enchant weapon II {unknown}
 q - a scroll of enchant weapon I {unknown}
 r - a scroll of curse weapon {unknown}
 s - a scroll of fear {unknown}
 v - 3 scrolls of amnesia {unknown}
 y - a scroll of recharging {unknown}
Potions
 i - a potion of speed


   Skills:
 - Level 1.0 Fighting
 + Level 8.3 Bows
 - Level 2.1 Dodging
 - Level 1.1 Stealth


You had 3 spell levels left.
You didn't know any spells.

Dungeon Overview and Level Annotations

Branches:
Dungeon (2/27)

Altars:


Message History

You feel sick.
* * * LOW HITPOINT WARNING * * *
You feel sick.
You can move again.
Unknown command.
c - 9 arrows (gained 3)
You see here an adder corpse.
* * * LOW HITPOINT WARNING * * *
You feel sick.
You start butchering the adder corpse with your knife.
You continue butchering the corpse.
You stop butchering the corpse.
* * * LOW HITPOINT WARNING * * *
You feel sick.
* * * LOW HITPOINT WARNING * * *
You feel sick.
You start resting.
* * * LOW HITPOINT WARNING * * *
You feel sick.
You die...

#.# #.#.##.# #.# ############
#.# #.#.##.# #.# #..........(
#.# #.#.##.# #.# #.#########.
#.#####.#.##.# #.# #.# #.
#.%.......##.#.#.# #.# #.
####.....###.#.#.###.#
######. #.....# #.#.......#
#...... #.....###.###.######
#.####.
###....P.....@..#....# #.# #.
#♣....≈♣♣..♣#####.##.###.# #.
#♣....≈♣.≈..♣.###.#......# #.
##P.P≈≈≈≈♣.♣......#####..# #%
#....≈≈≈≈≈≈...#...####..# #.
##♣♣.≈≈♣≈≈≈.♣......)....####.
##P..≈≈♣♣P.......####.#.....
##P..♣P..######## #.#.####
##.##.#.######### #.#.####


There were no monsters in sight!

Vanquished Creatures
  Jessica (D:2)
  5 adders (D:2)
  A giant mite (D:1)
  2 worms (D:2)
  2 giant geckos (D:2)
  An ooze (D:2)
  A ball python (D:1)
  11 bats
  5 hobgoblins
  3 jackals (D:2)
  A quokka (D:2)
  5 giant newts
  6 goblins
  3 kobolds
  5 rats
52 creatures vanquished.

Notes
Turn   | Place    | Note
--------------------------------------------------------------
     0 | D:1      | Goboxel, the High Elf Hunter, began the quest for the Orb.
     0 | D:1      | Reached XP level 1. HP: 14/14 MP: 1/1
   452 | D:1      | Reached skill level 6 in Bows
   452 | D:1      | Reached XP level 2. HP: 16/19 MP: 2/2
  1387 | D:2      | Reached XP level 3. HP: 24/24 MP: 4/4
  1447 | D:2      | Noticed Jessica
  1457 | D:2      | Killed Jessica
  1457 | D:2      | Reached skill level 7 in Bows
  1655 | D:2      | Reached XP level 4. HP: 24/29 MP: 6/6
  2096 | D:2      | Reached skill level 8 in Bows
  2436 | D:2      | Paralysed by a potion of paralysis for 2 turns
  2447 | D:2      | HP: 1/29 [poisoned by an adder]
  2449 | D:2      | Succumbed to an adder's poison

Action                   |  1- 3 |  4- 6 || total
-------------------------+-------+-------++-------
Melee: Short sword       |    88 |    34 ||   122
 Fire: Bow               |    39 |    22 ||    61
  Use: Potion            |       |     4 ||     4
 Stab: Distracted        |       |     1 ||     1
